Map: Alcyone LE

Players

A.I. 1 (Very Easy)

  • Race: Zerg Zerg
  • Spawn Location: 7:00

saixy - Winner!

  • Race: Terran Terran
  • Spawn Location: 1:00

VOD

Have the link to the VOD?

Description

Time

  • Played on: Dec. 10, 2023, 7:01 a.m.
  • Length: 7:35
Show
View Real Time Build Order
Export as new Build Order

A.I. 1 (Very Easy) Zerg 

Build Orders: Hatch First 

Get SALT Encoding   

  12  0:01  Drone  
  13  0:12  Overlord  
  13  0:16  Drone  
  14  0:42  Hatchery  
  13  0:45  Drone  
  14  1:04  Spawning Pool  
  14  1:06  Extractor  
  14  1:08  Drone  
  13  1:15  Drone  
  14  1:20  Overlord  
  14  1:51  Zergling x2, Queen  
  14  1:53  Zergling x2  
  18  2:01  Roach Warren  
  18  2:06  Drone  
  18  2:09  Extractor  
  18  2:14  Drone  
  18  2:19  Zergling x2  
  19  2:24  Drone  
  19  2:31  Drone  
  20  2:39  Drone  
  21  2:46  Drone  
  22  2:53  Drone  
  23  2:58  Lair  
  23  3:01  Drone  
  24  3:29  Drone  
  25  3:36  Zergling x2, Drone  
  27  3:43  Drone  
  27  3:47  Overlord  
  28  3:52  Drone  
  29  3:59  Drone  
  29  4:00  Spire  
  29  4:06  Drone  
  30  4:11  Overseer  
  30  4:13  Drone  
  31  4:17  Overseer  
  31  4:20  Drone  
  32  4:28  Drone  
  32  4:29  Overlord  
  33  4:35  Drone  
  34  4:42  Drone  
  35  4:49  Drone  
  36  4:56  Drone  
  36  4:57  Extractor  
  36  5:00  Zergling x2  
  36  5:03  Drone  
  35  5:10  Extractor  
  35  5:11  Drone  
  35  5:18  Drone  
  36  5:22  Overlord  
  36  5:23  Queen  
  36  5:25  Drone  
  35  5:29  Roach  
  35  5:32  Drone  
  26  5:39  Drone  
  15  5:47  Drone  
Show
View Real Time Build Order
Export as new Build Order

saixy Terran - Winner!

Build Orders: Gas First Reaper Expand, Hellion Opening, Mech 

Get SALT Encoding   

  12  0:00  SCV  
  13  0:12  SCV  
  14  0:17  Supply Depot  
  14  0:24  SCV  
  15  0:30  Refinery  
  15  0:39  SCV  
  16  0:44  Barracks  
  16  0:51  SCV  
  17  1:03  SCV  
  18  1:15  SCV  
  19  1:30  Orbital Command  
  19  1:32  Reaper  
  20  1:42  Command Center  
  20  1:56  SCV  
  20  1:57  Factory  
  21  2:08  SCV  
  22  2:09  Barracks Reactor  
  22  2:11  Supply Depot  
  22  2:16  Refinery  
  22  2:20  SCV  
  23  2:32  SCV  
  24  2:44  SCV  
  24  2:50  Starport  
  25  2:56  SCV  
  26  3:00  Orbital Command  
  26  3:01  Hellion x2, Barracks Tech Lab  
  30  3:08  SCV  
  31  3:21  SCV  
  31  3:23  Hellion x2  
  31  3:26  SCV  
  37  3:27  Supply Depot  
  37  3:35  Armory  
  37  3:36  Viking  
  37  3:39  SCV  
  37  3:40  SCV  
  41  3:50  Hellion, Supply Depot  
  41  3:51  Hellion  
  41  3:53  SCV  
  41  3:54  SCV  
  47  4:05  SCV  
  47  4:07  SCV  
  49  4:10  Liberator  
  49  4:12  Hellion x2  
  49  4:14  Supply Depot  
  56  4:17  SCV  
  57  4:28  SCV  
  58  4:35  Command Center  
  58  4:36  SCV  
  59  4:42  Hellion  
  59  4:43  Hellion  
  64  4:45  SCV  
  64  4:46  Barracks Tech Lab  
  64  4:52  Factory, Supply Depot  
  64  4:55  Starport Reactor  
  64  4:56  Factory  
  64  4:59  Terran Vehicle Weapons Level 1, SCV  
  66  5:00  SCV  
  66  5:04  Refinery  
  66  5:11  SCV  
  66  5:12  SCV  
  68  5:15  Supply Depot  
  68  5:16  Hellion, Refinery  
  68  5:21  Supply Depot  
  70  5:23  SCV  
  70  5:24  SCV  
  72  5:35  SCV  
  72  5:36  SCV  
  72  5:40  Thor  
  72  5:42  Supply Depot  
  79  5:44  Supply Depot  
  79  5:46  Hellion  
  79  5:47  Hellion, SCV  
  79  5:48  SCV  
  85  5:50  Orbital Command  
  85  5:59  Thor  
  85  6:01  SCV  
  85  6:02  SCV  
  93  6:07  Medivac  
  93  6:10  Medivac  
  97  6:13  SCV  
  97  6:14  SCV  
  97  6:16  Engineering Bay  
  99  6:25  SCV x2  
  100  6:26  Siege Tank  
  100  6:28  Cyclone  
  100  6:31  SCV  
  107  6:34  Orbital Command  
  107  6:37  SCV  
  108  6:42  Siege Tank  
  108  6:43  SCV  
  112  6:51  Hellion  
  112  6:52  SCV  
  115  6:55  SCV  
  115  6:56  Factory  
  115  6:59  Factory, Supply Depot x2  
  115  7:00  Hellion, Supply Depot  
  118  7:03  SCV  
  118  7:04  SCV  
  118  7:07  SCV  
  121  7:10  Barracks Reactor  
  121  7:14  Refinery  
  121  7:18  Supply Depot, Refinery  
  121  7:19  Supply Depot  
  121  7:20  Supply Depot  
  121  7:21  SCV x3  
  124  7:26  Missile Turret  
  128  7:31  Missile Turret  
  128  7:34  Missile Turret  
Tags
 
Add a new tag
Caveats
  • Supply blocks, unpowered buildings, or Contaminate may cause inaccurate times.
  • Supply counts are checked every 10 seconds.